 Dungeon Crawl Stone Soup version 0.29.1-12-g30fa7ad0bf (webtiles) character file.

Game seed: 4694296072651763509

135 polio18 the Chopper (level 5, -10/42 HPs)
             Began as a Human Monk on Jan 4, 2023.
             Killed by nerve-wracking pain
             ... invoked by Grinder
              (14 damage)
             ... on level 3 of the Dungeon.
             The game lasted 00:13:47 (3260 turns).

polio18 the Chopper (Human Monk)                    Turns: 3260, Time: 00:13:48

Health: -10/42     AC: 18    Str: 19    XL:     5   Next: 42%
Magic:  5/5        EV:  2    Int: 10    God:
Gold:   1058       SH:  0    Dex: 16    Spells: 4/4 levels left

rFire   . . .      SeeInvis +   r - +2 short sword (speed)
rCold   . . .      Faith    .   (no shield)
rNeg    . . .      Spirit   .   a - +0 crystal plate armour of the Known World {Drain rPois Str+6}
rPois   +          Reflect  .   b - +1 helmet
rElec   .          Harm     .   (no cloak)
rCorr   .          Rampage  .   (no gloves)
Will    .....                   l - +1 pair of boots
Stlth   ..........              i - amulet of the acrobat
HPRegen 0.14/turn               t - ring of see invisible
MPRegen 0.09/turn               (no ring)

@: hasted, very quick
A: no striking features
a: no special abilities


You were on level 3 of the Dungeon.
You visited 1 branch of the dungeon, and saw 3 of its levels.

You collected 1058 gold pieces.

Inventory:

Hand Weapons
 g - a +1 hand axe of electrocution
 n - a +0 trident of protection
 p - a +0 mace
 r - a +2 short sword of speed (weapon)
Missiles
 d - 45 stones (quivered)
Armour
 a - the +0 crystal plate armour of the Known World (worn) {Drain rPois Str+6}
   (You acquired it on level 3 of the Dungeon)

   Str:       It affects your strength (+6).
   rPois:     It protects you from poison.
   Drain:     It drains your maximum health when unequipped.
 b - a +1 helmet (worn)
 h - a +0 chain mail
 l - a +1 pair of boots (worn)
Magical Staves
 q - a staff of poison
Jewellery
 i - an amulet of the acrobat (around neck)
 t - a ring of see invisible (left hand)
Scrolls
 e - 2 scrolls of vulnerability {unknown}
 j - 3 scrolls of blinking
Potions
 c - a potion of ambrosia
 f - a potion of attraction {unknown}
 m - a potion of haste
 o - 3 potions of lignification
 s - a potion of resistance {unknown}


   Skills:
 + Level 3.8 Fighting
 + Level 1.7 Short Blades
 + Level 3.9 Axes
 + Level 1.3 Armour
 + Level 3.3 Dodging
 + Level 2.3 Stealth


You had 4 spell levels left.
You didn't know any spells.
Your spell library contained the following spells:

 Spells                   Type           Power      Damage    Failure   Level
 Sublimation of Blood     Necr           0%         N/A       100%        2
 Wereblood                Tmut           0%         N/A       100%        2
 Summon Hydra             Summ           0%         N/A       100%        7


Dungeon Overview and Level Annotations

Branches:
Dungeon (3/15)

Altars:
Trog

Shops:
D:1 :

Annotations:
D:3 Grinder


Message History

Grinder hits you but does no damage.
You barely miss Grinder.
Grinder is heavily wounded.
Grinder hits you but does no damage.
You closely miss Grinder.
Grinder is heavily wounded.
You barely miss Grinder.
Grinder is heavily wounded.
Grinder gestures at you.
You suddenly lose the ability to move!
Grinder hits you but does no damage. Grinder gestures at you.
Pain shoots through your body!
* * * LOW HITPOINT WARNING * * *
You can move again.
You hit Grinder.
Grinder is heavily wounded.
Grinder hits you.
* * * LOW HITPOINT WARNING * * *
You writhe in agony.
* * * LOW HITPOINT WARNING * * *
You feel better. Grinder hits you but does no damage.
You feel yourself speed up. Grinder hits you but does no damage.
You hit Grinder.
Grinder is heavily wounded.
You hit Grinder.
Grinder is severely wounded.
You closely miss Grinder.
Grinder is severely wounded.
Grinder hits you.
* * * LOW HITPOINT WARNING * * *
You writhe in agony.
* * * LOW HITPOINT WARNING * * *
You closely miss Grinder.
Grinder is severely wounded.
You barely miss Grinder.
Grinder is severely wounded.
Grinder gestures at you. Pain shoots through your body!
You die...

### ..#
#.## #..
#5# #@#
####.#
#...##
#######.###
........#
........#
........#
#######.#
#. ## #.#
## #..####.


You could see Grinder.

Vanquished Creatures
  Robin (D:3)
  3 adders
  3 worms
  A dart slug (D:3)
  5 orcs (D:3)
  3 ball pythons
  7 endoplasms
  A giant cockroach (D:1)
  11 hobgoblins
  2 jackals (D:3)
  4 quokkas
  8 bats
  8 frilled lizards
  9 goblins
  10 kobolds
  4 rats
80 creatures vanquished.

Notes
Turn   | Place    | Note
-------+----------+-------------------------------------------
     0 | D:1      | polio18 the Human Monk began the quest for the Orb.
     0 | D:1      | Reached XP level 1. HP: 18/18 MP: 1/1
   100 | D:1      | Reached XP level 2. HP: 16/24 MP: 2/2
   333 | D:1      | Reached XP level 3. HP: 14/29 MP: 3/3
   811 | D:1      | Found a faded altar of an unknown god.
   916 | D:1      | Found Suaroh's Book Shoppe.
  1888 | D:2      | Reached XP level 4. HP: 35/36 MP: 4/4
  1988 | D:2      | Reached skill level 1 in Armour
  2311 | D:2      | Identified a scroll of acquirement
  2311 | D:2      | Acquired 934 gold pieces
  2338 | D:3      | Noticed Robin
  2355 | D:3      | Killed Robin
  2356 | D:3      | Reached skill level 1 in Short Blades
  2517 | D:3      | Found a bloodstained altar of Trog.
  2673 | D:3      | Reached XP level 5. HP: 42/42 MP: 5/5
  2727 | D:3      | Acquired the +0 crystal plate armour of the Known World
                  | {Drain rPois Str+6}
  3234 | D:3      | Noticed Grinder
  3250 | D:3      | Paralysed by Grinder for 2 turns
  3253 | D:3      | HP: 2/42 [Grinder (4)]
  3260 | D:3      | Killed from afar by Grinder

Illustrated notes

Levels and vault maps discovered:
D:1:      psy_arrival_fountain, layout_basic, serial_shops, nicolae_shop_trees,
          dilly_ecumenical_altar_fadedgnrine, chequers_jeans, minmay_ruptured
D:2:      layout_basic, nrook_mini_vaults
D:3:      minmay_razor_zed, layout_loops_ring, trog_book,
          amethyst_overflow_temple_binary, serial_co_window_serial,
          co_window_paths_a, co_window_of_opportunity_a, co_window_paths_a,
          co_window_cross_1, co_window_of_opportunity_a, co_window_broadway_b,
          co_window_corner_b, co_window_cross_3, co_window_paths_d,
          glass_columns_a, glass_columns_a, glass_columns_c, glass_columns_a,
          glass_columns_a, uniq_grinder, uniq_robin

Skill      XL: |  1  2  3  4 |
---------------+-------------+-----
Armour         | 1 |  1.3
Short Blades   | 1 |  1.7
Fighting       | |  3.8
Axes           | |  3.9
Dodging        | |  3.3
Stealth        | |  2.3

Action                   |  1- 3 |  4- 6 || total
-------------------------+-------+-------++-------
Melee: Hand axe          |   135 |       ||   135
       Short sword       |    11 |   188 ||   199
       Punch             |     3 |     2 ||     5
  Use: Scroll            |       |     9 ||     9
       Potion            |       |     2 ||     2
 Stab: Sleeping          |     2 |       ||     2
       Distracted        |       |     1 ||     1
Armor: Robe              |     3 |       ||     3
       Ring mail         |    40 |    21 ||    61
       Crystal plate arm |       |    54 ||    54
Dodge: Dodged            |    88 |    61 ||   149
